Demolitions vs Saguenéens
Created - 26 février 2014 at 23:08
Goals
|
| Demolitions |
0 |
2 |
4 |
6 |
| Saguenéens |
2 |
1 |
0 |
3 |
|
Shots
|
| Demolitions |
10 |
11 |
11 |
32 |
| Saguenéens |
19 |
4 |
15 |
38 |
|
1st period
1. Saguenéens , Wayne Simmonds 24 (Kris Russell) at 3:42
2. Saguenéens , Kyle Brodziak 25 (Brandon Yip) at 17:14
Penalties :
No Penalty
2nd period
3. Saguenéens , Ian Cole 4 (Andreas Johansson, Mike Van Ryn) at 12:58
4. Demolitions , Ryan Craig 25 (Anton Babchuk, Chad Johnson) at 15:37
5. Demolitions , T.J. Hensick 28 (Anthony Stewart, Marcel Hossa) at 17:26
Penalties :
Anssi Salmela (Vic) for Holding (Minor) at 4:54
3rd period
6. Demolitions , Ryan Craig 26 (Troy Brouwer, Brandon Bochenski) at 3:04
7. Demolitions , Marcel Hossa 41 (T.J. Hensick) at 6:55
8. Demolitions , Bobby Butler 6 (Marc-André Bernier, Anton Babchuk) at 11:40
9. Demolitions , T.J. Hensick 29 (Marcel Hossa) at 16:40
Penalties :
Tyler Kennedy (Chi) for Fighting (Major) at 0:15, Marcel Hossa (Vic) for Fighting (Major) at 0:15, Dwight King (Chi) for Holding (Minor) at 4:18, Rhett Rakhshani (Chi) for Tripping (Minor) at 9:30, Marcel Hossa (Vic) for Holding (Minor) at 13:57, Tyler Kennedy (Chi) for Cross-checking (Minor) at 17:54
Goalie Stats
Chad Johnson (Vic), 35 saves from 38 shots - (0,921), W, 17-10-2, 60:00 minutes
James Reimer (Chi), 26 saves from 32 shots - (0,813), L, 18-11-6, 60:00 minutes
Players Stats for Demolitions
Player Name G A P +/- PIM S H SB GA TA FO MP PP MP PK MP
------------------------------------------------------------------------------------
Anssi Salmela 0 0 0 -1 2 1 0 0 0 1 0/0 18:37 2:33 0:48
Anthony Stewart 0 1 1 1 0 1 2 0 0 0 0/0 21:33 3:33 0:24
Anton Babchuk 0 2 2 2 0 0 0 2 2 1 0/0 29:41 3:24 2:11
Bobby Butler 1 0 1 1 0 4 0 1 1 0 0/0 12:11 0:55 0:00
Brandon Bochenski 0 1 1 1 0 1 2 0 0 0 0/0 16:24 2:24 0:00
Cal Clutterbuck 0 0 0 0 0 2 0 2 0 0 0/0 7:55 0:00 0:00
Jordan LaVallee 0 0 0 0 0 0 0 0 0 0 0/0 1:47 0:00 1:31
Josh Beaulieu 0 0 0 0 0 0 0 0 0 0 0/0 0:35 0:00 0:35
Kyle Wharton 0 0 0 -1 0 2 1 1 0 0 0/0 19:37 2:33 1:47
Marc-André Bernier 0 1 1 1 0 1 1 1 0 0 0/0 10:18 0:00 0:00
Marcel Hossa 1 2 3 1 7 2 1 1 2 0 4/4 20:06 2:38 0:56
Masi Marjamaki 0 0 0 0 0 0 0 0 0 0 0/0 0:00 0:00 0:00
Matt Corrente 0 0 0 2 0 2 3 0 1 2 0/0 24:56 3:24 2:11
Nicholas D'Agostino 0 0 0 2 0 0 0 0 0 0 0/0 11:28 0:00 0:40
Nick Pryor 0 0 0 0 0 0 0 0 0 0 0/0 5:04 0:00 0:19
Nicolas Blanchard 0 0 0 1 0 0 1 0 0 0 1/4 11:16 0:00 0:42
Petr Vrana 0 0 0 0 0 0 1 0 0 0 0/0 9:37 0:00 1:28
Robert Bortuzzo 0 0 0 2 0 0 2 1 0 0 0/0 10:42 0:00 0:00
Robert Klinkhammer 0 0 0 0 0 0 0 0 0 0 0/0 0:00 0:00 0:00
Ryan Craig 2 0 2 1 0 6 1 0 0 1 8/14 16:24 2:24 0:00
Spencer Machacek 0 0 0 0 0 0 0 0 0 0 0/0 0:00 0:00 0:00
T.J. Hensick 2 1 3 1 0 6 0 0 0 1 24/38 22:59 3:33 1:56
Troy Brouwer 0 1 1 1 0 4 4 0 1 0 0/0 16:54 2:24 0:24
Vince Rocco 0 0 0 0 0 0 0 0 0 1 1/4 7:55 0:00 0:00
Players Stats for Saguenéens
Player Name G A P +/- PIM S H SB GA TA FO MP PP MP PK MP
------------------------------------------------------------------------------------
Andreas Johansson 0 1 1 -1 0 2 1 0 1 0 2/4 15:43 1:49 2:54
Brandon Yip 0 1 1 0 0 1 1 0 2 0 1/1 16:25 1:49 0:16
Brian Flynn 0 0 0 0 0 2 0 0 0 0 1/3 9:54 0:00 0:00
David Laliberté 0 0 0 0 0 2 6 0 0 0 0/0 9:57 0:03 0:00
Dwight King 0 0 0 0 2 0 2 0 0 0 0/2 16:20 1:46 0:13
Evgeny Dadonov 0 0 0 0 0 2 1 1 1 0 2/4 18:40 2:04 0:00
Henrik Tallinder 0 0 0 -4 0 4 0 1 0 1 0/0 22:45 2:26 3:16
Ian Cole 1 0 1 -3 0 1 0 2 0 1 0/0 18:39 1:32 0:00
Jarkko Ruutu 0 0 0 -3 0 3 3 0 1 1 0/0 12:29 0:00 2:50
Jeffrey Foss 0 0 0 1 0 1 0 0 0 0 0/0 11:34 0:00 0:00
Justin Schultz 0 0 0 0 0 1 0 1 0 0 0/0 25:53 2:26 2:41
Kris Russell 0 1 1 0 0 3 0 2 0 3 0/0 15:45 0:00 3:16
Kyle Brodziak 1 0 1 -1 0 7 1 0 0 0 6/11 17:43 0:11 2:50
Mike Van Ryn 0 1 1 0 0 1 1 3 0 1 0/0 25:24 1:32 2:41
Petteri Wirtanen 0 0 0 -2 0 1 0 0 0 0 4/8 8:51 0:00 0:00
Rhett Rakhshani 0 0 0 -3 2 1 0 0 0 0 0/0 9:01 0:00 0:00
Tyler Kennedy 0 0 0 1 7 3 1 0 1 0 10/29 17:20 2:06 0:04
Wayne Simmonds 1 0 1 0 0 3 1 0 1 0 0/2 21:40 2:06 2:51
3 Stars
1 - T.J. Hensick (Vic)
2 - Ryan Craig (Vic)
3 - Anton Babchuk (Vic)
Power Play
Demolitions - 0 on 3 Attempt(s) - 0,00%
Saguenéens - 0 on 2 Attempt(s) - 0,00%
Penalty Kill
Demolitions - 2 on 2 Attempt(s) - 100,00%
- Score 0 goal in Penalty Kill
Saguenéens - 3 on 3 Attempt(s) - 100,00%
- Score 0 goal in Penalty Kill
Official
Referees : Jackson Dave and VanMassenhoven Don
Linesman : Brad Kovachik and Steve Miller
Game Notes
Tyler Kennedy beats up Marcel Hossa at 0:15 of 3rd period
Finance
Level 1 -- Attendance: 1340 (67,00%) -- Ticket Income 53 600 $
Level 2 -- Attendance: 772 (77,20%) -- Ticket Income 15 440 $
Total Attendance: 2112 (70,40%)
Total Ticket Income: 69 040 $
Other Income: 3 452 $
Total Income: 72 492 $
Demolitions
5 vs 5 Forward
Center Left Wing Right Wing Time % Phy DF OF
1 T.J. Hensick Marcel Hossa Anthony Stewart 40 1 2 2
2 Ryan Craig Troy Brouwer Brandon Bochenski 30 1 2 2
3 Nicolas Blanchard Bobby Butler Marc-André Bernier 20 1 2 2
4 Vince Rocco Petr Vrana Cal Clutterbuck 10 1 2 2
5 vs 5 Defense
Defense Defense Time % Phy DF OF
1 Anton Babchuk Matt Corrente 40 1 2 2
2 Anssi Salmela Kyle Wharton 30 1 2 2
3 Robert Bortuzzo Nicholas D'Agostino 20 1 2 2
4 Nick Pryor Anton Babchuk 10 1 2 2
PowerPlay Forward
Center Left Wing Right Wing Time % Phy DF OF
1 T.J. Hensick Marcel Hossa Anthony Stewart 60 1 2 2
2 Ryan Craig Troy Brouwer Brandon Bochenski 40 1 2 2
PowerPlay Defense
Defense Defense Time % Phy DF OF
1 Anton Babchuk Matt Corrente 60 1 2 2
2 Anssi Salmela Kyle Wharton 40 1 2 2
Penalty Kill 4 Players Forward
Center Wing Time % Phy DF OF
1 T.J. Hensick Marcel Hossa 60 1 2 2
2 Anthony Stewart Troy Brouwer 40 1 2 2
Penalty Kill 4 Players Defense
Defense Defense Time % Phy DF OF
1 Anton Babchuk Matt Corrente 60 1 2 2
2 Anssi Salmela Kyle Wharton 40 1 2 2
Penalty Kill - 3 Players Forward
Forward Time % Phy DF OF
1 T.J. Hensick 60 1 2 2
2 Marcel Hossa 40 1 2 2
Penalty Kill - 3 Players Defense
Defense Defense Time % Phy DF OF
1 Anton Babchuk Matt Corrente 60 1 2 2
2 Anssi Salmela Kyle Wharton 40 1 2 2
4 vs 4 Forward
Center Wing Time % Phy DF OF
1 T.J. Hensick Marcel Hossa 60 1 2 2
2 Anthony Stewart Troy Brouwer 40 1 2 2
4 vs 4 Defense
Defense Defense Time % Phy DF OF
1 Anton Babchuk Matt Corrente 60 1 2 2
2 Anssi Salmela Kyle Wharton 40 1 2 2
Last Minutes Offensive
Center Left Wing Right Wing Defense Defense
T.J. Hensick Marcel Hossa Anthony Stewart Anton Babchuk Matt Corrente
Last Minutes Defensive
Center Left Wing Right Wing Defense Defense
T.J. Hensick Marcel Hossa Anthony Stewart Anton Babchuk Matt Corrente
Goaltenders
Starting : Chad Johnson
Backup : Antero Niittymaki
Extra Forwards
Normal : Bobby Butler, Marc-André Bernier, Petr Vrana - PP : Bobby Butler, Marc-André Bernier - PK : Petr Vrana
Extra Defensemen
Normal : Robert Bortuzzo, Nicholas D'Agostino, Nick Pryor - PP : Robert Bortuzzo - PK : Nicholas D'Agostino, Nick Pryor
Penalty Shots
T.J. Hensick, Marcel Hossa, Anthony Stewart, Troy Brouwer, Ryan Craig
Saguenéens
5 vs 5 Forward
Center Left Wing Right Wing Time % Phy DF OF
1 Tyler Kennedy Evgeny Dadonov Wayne Simmonds 40 1 2 2
2 Kyle Brodziak Dwight King Brandon Yip 30 2 1 2
3 Brian Flynn Andreas Johansson David Laliberté 20 1 2 2
4 Petteri Wirtanen Jarkko Ruutu Rhett Rakhshani 10 1 2 2
5 vs 5 Defense
Defense Defense Time % Phy DF OF
1 Justin Schultz Mike Van Ryn 36 1 2 2
2 Henrik Tallinder Ian Cole 34 1 2 2
3 Jeffrey Foss Kris Russell 20 1 2 2
4 Mike Van Ryn Justin Schultz 10 0 2 3
PowerPlay Forward
Center Left Wing Right Wing Time % Phy DF OF
1 Tyler Kennedy Evgeny Dadonov Wayne Simmonds 55 1 1 3
2 Andreas Johansson Dwight King Brandon Yip 45 1 1 3
PowerPlay Defense
Defense Defense Time % Phy DF OF
1 Justin Schultz Henrik Tallinder 55 0 2 3
2 Mike Van Ryn Ian Cole 45 0 2 3
Penalty Kill 4 Players Forward
Center Wing Time % Phy DF OF
1 Kyle Brodziak Jarkko Ruutu 50 1 3 1
2 Andreas Johansson Wayne Simmonds 50 1 3 1
Penalty Kill 4 Players Defense
Defense Defense Time % Phy DF OF
1 Justin Schultz Mike Van Ryn 50 1 3 1
2 Henrik Tallinder Kris Russell 50 1 3 1
Penalty Kill - 3 Players Forward
Forward Time % Phy DF OF
1 Andreas Johansson 50 1 3 1
2 Jarkko Ruutu 50 1 3 1
Penalty Kill - 3 Players Defense
Defense Defense Time % Phy DF OF
1 Justin Schultz Mike Van Ryn 50 1 3 1
2 Henrik Tallinder Kris Russell 50 1 3 1
4 vs 4 Forward
Center Wing Time % Phy DF OF
1 Kyle Brodziak Brandon Yip 50 1 1 3
2 Tyler Kennedy Evgeny Dadonov 50 1 2 2
4 vs 4 Defense
Defense Defense Time % Phy DF OF
1 Justin Schultz Mike Van Ryn 50 1 2 2
2 Ian Cole Henrik Tallinder 50 1 2 2
Last Minutes Offensive
Center Left Wing Right Wing Defense Defense
Tyler Kennedy Evgeny Dadonov Brandon Yip Henrik Tallinder Justin Schultz
Last Minutes Defensive
Center Left Wing Right Wing Defense Defense
Tyler Kennedy Andreas Johansson Wayne Simmonds Mike Van Ryn Justin Schultz
Goaltenders
Starting : James Reimer
Backup : Harru Sateri
Extra Forwards
Normal : Andreas Johansson, Jarkko Ruutu, Evgeny Dadonov - PP : Kyle Brodziak, Andreas Johansson - PK : Brandon Yip
Extra Defensemen
Normal : Kris Russell, Henrik Tallinder, Mike Van Ryn - PP : Kris Russell - PK : Jeffrey Foss, Ian Cole
Penalty Shots
Evgeny Dadonov, Tyler Kennedy, Andreas Johansson, Brandon Yip, Dwight King
% Time on Ice - Demolitions
Lines # - Real PCT - Wanted PCT - Time Play
Normal Forward
1 - 35% - 40% - 17:46
2 - 28% - 30% - 14:06
3 - 21% - 20% - 10:18
4 - 16% - 10% - 7:55
Normal Defense
1 - 39% - 40% - 19:21
2 - 31% - 30% - 15:17
3 - 21% - 20% - 10:42
4 - 9% - 10% - 4:45
PP Forward
1 - 60% - 60% - 3:33
2 - 40% - 40% - 2:24
PP Defense
1 - 57% - 60% - 3:24
2 - 43% - 40% - 2:33
PK Forward
1 - 90% - 60% - 3:34
2 - 10% - 40% - 0:24
PK Defense
1 - 55% - 60% - 2:11
2 - 45% - 40% - 1:47
PK3 Forward
1 - 0% - 60%
2 - 0% - 40%
PK3 Defense
1 - 0% - 60%
2 - 0% - 40%
44 Forward
1 - 0% - 60%
2 - 0% - 40%
44 Defense
1 - 0% - 60%
2 - 0% - 40%
Last Minute Offensive - 0:00
Last Minute Defensive - 0:00
Total
Forward - 60:00
Defense - 60:00
|
% Time on Ice - Saguenéens
Lines # - Real PCT - Wanted PCT - Time Play
Normal Forward
1 - 34% - 40% - 16:58
2 - 29% - 30% - 14:22
3 - 20% - 20% - 9:54
4 - 18% - 10% - 8:51
Normal Defense
1 - 36% - 36% - 17:55
2 - 35% - 34% - 17:24
3 - 23% - 20% - 11:34
4 - 6% - 10% - 3:12
PP Forward
1 - 54% - 55% - 2:09
2 - 46% - 45% - 1:49
PP Defense
1 - 61% - 55% - 2:26
2 - 39% - 45% - 1:32
PK Forward
1 - 48% - 50% - 2:50
2 - 52% - 50% - 3:07
PK Defense
1 - 45% - 50% - 2:41
2 - 55% - 50% - 3:16
PK3 Forward
1 - 0% - 50%
2 - 0% - 50%
PK3 Defense
1 - 0% - 50%
2 - 0% - 50%
44 Forward
1 - 0% - 50%
2 - 0% - 50%
44 Defense
1 - 0% - 50%
2 - 0% - 50%
Last Minute Offensive - 0:00
Last Minute Defensive - 0:00
Total
Forward - 60:00
Defense - 60:00
|
Play by Play
1st period
0:01 of 1st period - Tyler Kennedy wins face-off versus T.J. Hensick in neutral zone.
0:10 of 1st period - Snap shot by T.J. Hensick.
0:10 of 1st period - Shot Misses the Net.
0:12 of 1st period - Wrist shot by Anthony Stewart.
0:12 of 1st period - Shot Misses the Net.
0:14 of 1st period - Wrist shot by Anthony Stewart.
0:14 of 1st period - Stopped by James Reimer with a rebound.
0:16 of 1st period - Snap shot by Matt Corrente.
0:16 of 1st period - Stopped by James Reimer with a rebound.
0:30 of 1st period - Wrist shot by Kyle Brodziak.
0:30 of 1st period - Deflect By Dwight King.
0:30 of 1st period - Shot Misses the Net.
0:30 of 1st period - Puck is out of play.
0:31 of 1st period - Kyle Brodziak wins face-off versus Nicolas Blanchard in Demolitions zone.
0:38 of 1st period - Snap shot by Brandon Yip.
0:38 of 1st period - Deflect By Kyle Brodziak.
0:38 of 1st period - Stopped by Chad Johnson without a rebound.
0:39 of 1st period - Brian Flynn wins face-off versus Nicolas Blanchard in Demolitions zone.
1:10 of 1st period - Snap shot by Bobby Butler.
1:10 of 1st period - Stopped by James Reimer without a rebound.
1:11 of 1st period - Ryan Craig wins face-off versus Petteri Wirtanen in Saguenéens zone.
1:38 of 1st period - Jeffrey Foss is hit by Robert Bortuzzo and loses puck.
2:26 of 1st period - Wrist shot by David Laliberté.
2:26 of 1st period - Shot Blocked by Bobby Butler.
2:42 of 1st period - Slapshot by Troy Brouwer.
2:42 of 1st period - Stopped by James Reimer with a rebound.
2:44 of 1st period - Wrist shot by Brandon Bochenski.
2:44 of 1st period - Deflect By Ryan Craig.
2:44 of 1st period - Shot Misses the Net.
2:44 of 1st period - Puck is out of play.
2:45 of 1st period - T.J. Hensick wins face-off versus Tyler Kennedy in Saguenéens zone.
3:07 of 1st period - Icing by Anton Babchuk.
3:08 of 1st period - T.J. Hensick wins face-off versus Dwight King in Demolitions zone.
3:15 of 1st period - Slapshot by Troy Brouwer.
3:15 of 1st period - Shot Misses the Net.
3:42 of 1st period - Wrist shot by Wayne Simmonds.
3:42 of 1st period - Goal by Wayne Simmonds - Demolitions : 0 - Saguenéens : 1.
3:43 of 1st period - T.J. Hensick wins face-off versus Tyler Kennedy in neutral zone.
4:14 of 1st period - Wrist shot by Ryan Craig.
4:14 of 1st period - Stopped by James Reimer with a rebound.
4:16 of 1st period - Wrist shot by Ryan Craig.
4:16 of 1st period - Stopped by James Reimer without a rebound.
4:17 of 1st period - Brandon Yip wins face-off versus Ryan Craig in Saguenéens zone.
4:30 of 1st period - Snap shot by Troy Brouwer.
4:30 of 1st period - Shot Misses the Net.
4:32 of 1st period - Snap shot by Anssi Salmela.
4:32 of 1st period - Deflect By Kyle Brodziak.
4:32 of 1st period - Stopped by James Reimer without a rebound.
4:33 of 1st period - Tyler Kennedy wins face-off versus T.J. Hensick in Saguenéens zone.
5:22 of 1st period - Slapshot by Henrik Tallinder.
5:22 of 1st period - Stopped by Chad Johnson without a rebound.
5:23 of 1st period - Tyler Kennedy wins face-off versus T.J. Hensick in Demolitions zone.
5:32 of 1st period - Snap shot by Wayne Simmonds.
5:32 of 1st period - Stopped by Chad Johnson without a rebound.
5:33 of 1st period - T.J. Hensick wins face-off versus Tyler Kennedy in Demolitions zone.
5:46 of 1st period - Snap shot by Tyler Kennedy.
5:46 of 1st period - Shot Blocked by Kyle Wharton.
5:48 of 1st period - Snap shot by Jeffrey Foss.
5:48 of 1st period - Shot Misses the Net.
5:50 of 1st period - Wrist shot by Wayne Simmonds.
5:50 of 1st period - Stopped by Chad Johnson with a rebound.
5:56 of 1st period - Wrist shot by Wayne Simmonds.
5:56 of 1st period - Deflect By Evgeny Dadonov.
5:56 of 1st period - Shot Misses the Net.
5:56 of 1st period - Puck is out of play.
5:57 of 1st period - Ryan Craig wins face-off versus Dwight King in Demolitions zone.
5:57 of 1st period - Ryan Craig is hit by Mike Van Ryn.
7:10 of 1st period - Snap shot by Jarkko Ruutu.
7:10 of 1st period - Stopped by Chad Johnson with a rebound.
7:18 of 1st period - Jarkko Ruutu is hit by Marc-André Bernier and loses puck.
7:35 of 1st period - Wrist shot by Kyle Brodziak.
7:35 of 1st period - Stopped by Chad Johnson with a rebound.
7:57 of 1st period - Snap shot by Petr Vrana.
7:57 of 1st period - Shot Blocked by Mike Van Ryn.
7:59 of 1st period - Slapshot by Kyle Wharton.
7:59 of 1st period - Deflect By Cal Clutterbuck.
7:59 of 1st period - Shot Misses the Net.
7:59 of 1st period - Puck is out of play.
8:00 of 1st period - T.J. Hensick wins face-off versus Tyler Kennedy in Saguenéens zone.
8:34 of 1st period - Brandon Bochenski is hit by Dwight King and loses puck.
9:10 of 1st period - Anthony Stewart is hit by David Laliberté and loses puck.
9:22 of 1st period - Slapshot by Brian Flynn.
9:22 of 1st period - Stopped by Chad Johnson with a rebound.
9:32 of 1st period - Henrik Tallinder is hit by Marcel Hossa.
10:03 of 1st period - Slapshot by Andreas Johansson.
10:03 of 1st period - Stopped by Chad Johnson without a rebound.
10:04 of 1st period - Ryan Craig wins face-off versus Tyler Kennedy in Demolitions zone.
10:29 of 1st period - Justin Schultz is hit by Nicolas Blanchard.
10:49 of 1st period - Snap shot by Bobby Butler.
10:49 of 1st period - Stopped by James Reimer without a rebound.
10:50 of 1st period - Vince Rocco wins face-off versus Petteri Wirtanen in Saguenéens zone.
11:24 of 1st period - Snap shot by Tyler Kennedy.
11:24 of 1st period - Shot Misses the Net.
11:39 of 1st period - Icing by Brandon Yip.
11:40 of 1st period - T.J. Hensick wins face-off versus Kyle Brodziak in Saguenéens zone.
11:51 of 1st period - Snap shot by Marcel Hossa.
11:51 of 1st period - Shot Misses the Net.
12:31 of 1st period - Wrist shot by Brandon Yip.
12:31 of 1st period - Shot Misses the Net.
12:35 of 1st period - Wrist shot by Kyle Brodziak.
12:35 of 1st period - Stopped by Chad Johnson without a rebound.
12:36 of 1st period - Ryan Craig wins face-off versus Tyler Kennedy in Demolitions zone.
12:43 of 1st period - Snap shot by Troy Brouwer.
12:43 of 1st period - Stopped by James Reimer with a rebound.
12:50 of 1st period - Off-side.
12:51 of 1st period - Petteri Wirtanen wins face-off versus Nicolas Blanchard in neutral zone.
13:07 of 1st period - Off-side.
13:08 of 1st period - Tyler Kennedy wins face-off versus Ryan Craig in neutral zone.
13:17 of 1st period - Slapshot by Troy Brouwer.
13:17 of 1st period - Stopped by James Reimer without a rebound.
13:18 of 1st period - Ryan Craig wins face-off versus Wayne Simmonds in Saguenéens zone.
13:25 of 1st period - Wrist shot by Tyler Kennedy.
13:25 of 1st period - Stopped by Chad Johnson without a rebound.
13:26 of 1st period - T.J. Hensick wins face-off versus Tyler Kennedy in Demolitions zone.
13:58 of 1st period - Kris Russell is hit by Troy Brouwer and loses puck.
14:57 of 1st period - Snap shot by Anthony Stewart.
14:57 of 1st period - Shot Misses the Net.
14:59 of 1st period - Wrist shot by Anthony Stewart.
14:59 of 1st period - Shot Misses the Net.
15:01 of 1st period - Slapshot by Kyle Wharton.
15:01 of 1st period - Shot Blocked by Henrik Tallinder.
15:13 of 1st period - Henrik Tallinder is hit by Brandon Bochenski and loses puck.
15:24 of 1st period - Slapshot by Kyle Brodziak.
15:24 of 1st period - Stopped by Chad Johnson without a rebound.
15:25 of 1st period - Tyler Kennedy wins face-off versus T.J. Hensick in Demolitions zone.
15:26 of 1st period - Wrist shot by Wayne Simmonds.
15:26 of 1st period - Shot Blocked by Marcel Hossa.
15:58 of 1st period - Slapshot by Kyle Brodziak.
15:58 of 1st period - Stopped by Chad Johnson without a rebound.
15:59 of 1st period - Kyle Brodziak wins face-off versus T.J. Hensick in Demolitions zone.
16:13 of 1st period - Brandon Yip is hit by Robert Bortuzzo and loses puck.
16:44 of 1st period - Wrist shot by T.J. Hensick.
16:44 of 1st period - Shot Misses the Net.
17:12 of 1st period - Wrist shot by Kyle Brodziak.
17:12 of 1st period - Shot Misses the Net.
17:14 of 1st period - Snap shot by Kyle Brodziak.
17:14 of 1st period - Goal by Kyle Brodziak - Demolitions : 0 - Saguenéens : 2.
17:15 of 1st period - Evgeny Dadonov wins face-off versus Ryan Craig in neutral zone.
17:41 of 1st period - Anton Babchuk is hit by David Laliberté and loses puck.
17:48 of 1st period - Slapshot by David Laliberté.
17:48 of 1st period - Stopped by Chad Johnson with a rebound.
17:50 of 1st period - Slapshot by Henrik Tallinder.
17:50 of 1st period - Stopped by Chad Johnson with a rebound.
18:52 of 1st period - Snap shot by Marc-André Bernier.
18:52 of 1st period - Shot Blocked by Mike Van Ryn.
19:13 of 1st period - Snap shot by Kyle Brodziak.
19:13 of 1st period - Stopped by Chad Johnson with a rebound.
19:20 of 1st period - Icing by Petr Vrana.
19:21 of 1st period - Petteri Wirtanen wins face-off versus Vince Rocco in Demolitions zone.
19:22 of 1st period - Snap shot by Jarkko Ruutu.
19:22 of 1st period - Shot Blocked by Cal Clutterbuck.
19:48 of 1st period - Slapshot by Evgeny Dadonov.
19:48 of 1st period - Stopped by Chad Johnson with a rebound.
19:50 of 1st period - Wrist shot by Wayne Simmonds.
19:50 of 1st period - Shot Misses the Net.
19:52 of 1st period - Slapshot by Kris Russell.
19:52 of 1st period - Stopped by Chad Johnson with a rebound.
19:56 of 1st period - Slapshot by Evgeny Dadonov.
19:56 of 1st period - Shot Blocked by Anton Babchuk.
Goals for this period are 0 for Demolitions vs 2 for Saguenéens.
Shots for this period are 10 for Demolitions vs 19 for Saguenéens.
2nd period
0:01 of 2nd period - Ryan Craig wins face-off versus Tyler Kennedy in neutral zone.
0:54 of 2nd period - Snap shot by T.J. Hensick.
0:54 of 2nd period - Shot Misses the Net.
1:10 of 2nd period - Snap shot by Marc-André Bernier.
1:10 of 2nd period - Shot Misses the Net.
1:12 of 2nd period - Wrist shot by Marc-André Bernier.
1:12 of 2nd period - Stopped by James Reimer without a rebound.
1:13 of 2nd period - Nicolas Blanchard wins face-off versus Kyle Brodziak in Saguenéens zone.
1:20 of 2nd period - Wrist shot by Bobby Butler.
1:20 of 2nd period - Stopped by James Reimer without a rebound.
1:21 of 2nd period - Tyler Kennedy wins face-off versus Ryan Craig in Saguenéens zone.
2:01 of 2nd period - Kyle Wharton is hit by David Laliberté.
3:11 of 2nd period - Bobby Butler is hit by David Laliberté and loses puck.
3:53 of 2nd period - Wrist shot by Jarkko Ruutu.
3:53 of 2nd period - Stopped by Chad Johnson without a rebound.
3:54 of 2nd period - Petteri Wirtanen wins face-off versus Vince Rocco in Demolitions zone.
4:13 of 2nd period - Backhand shot by Cal Clutterbuck.
4:13 of 2nd period - Stopped by James Reimer with a rebound.
4:21 of 2nd period - Petr Vrana is hit by Jarkko Ruutu and loses puck.
4:32 of 2nd period - Slapshot by Rhett Rakhshani.
4:32 of 2nd period - Deflect By Jarkko Ruutu.
4:32 of 2nd period - Shot Blocked by Robert Bortuzzo.
4:32 of 2nd period - Puck is out of play.
4:33 of 2nd period - Ryan Craig wins face-off versus Evgeny Dadonov in Demolitions zone.
4:33 of 2nd period - Ryan Craig is hit by Evgeny Dadonov.
4:54 of 2nd period - Minor Penalty to Anssi Salmela for Holding.
4:55 of 2nd period - T.J. Hensick wins face-off versus Tyler Kennedy in Demolitions zone.
5:37 of 2nd period - Kyle Wharton is hit by Dwight King and loses puck.
6:54 of 2nd period - Penalty to Anssi Salmela is over, Anssi Salmela is back on ice.
7:05 of 2nd period - Bobby Butler is hit by Jarkko Ruutu and loses puck.
7:44 of 2nd period - Petr Vrana is hit by David Laliberté and loses puck.
8:31 of 2nd period - Evgeny Dadonov is hit by Kyle Wharton and loses puck.
10:40 of 2nd period - Icing by Dwight King.
10:41 of 2nd period - T.J. Hensick wins face-off versus Kyle Brodziak in Saguenéens zone.
10:44 of 2nd period - Snap shot by T.J. Hensick.
10:44 of 2nd period - Shot Misses the Net.
10:46 of 2nd period - Slapshot by Anssi Salmela.
10:46 of 2nd period - Shot Blocked by Ian Cole.
10:48 of 2nd period - Snap shot by T.J. Hensick.
10:48 of 2nd period - Shot Misses the Net.
10:50 of 2nd period - Slapshot by Anssi Salmela.
10:50 of 2nd period - Shot Blocked by Kris Russell.
11:14 of 2nd period - Slapshot by Troy Brouwer.
11:14 of 2nd period - Stopped by James Reimer without a rebound.
11:15 of 2nd period - Marcel Hossa wins face-off versus Brian Flynn in Saguenéens zone.
12:05 of 2nd period - Marc-André Bernier is hit by Kyle Brodziak and loses puck.
12:22 of 2nd period - Snap shot by Petteri Wirtanen.
12:22 of 2nd period - Stopped by Chad Johnson without a rebound.
12:23 of 2nd period - Marcel Hossa wins face-off versus Tyler Kennedy in Demolitions zone.
12:28 of 2nd period - Wrist shot by T.J. Hensick.
12:28 of 2nd period - Shot Blocked by Justin Schultz.
12:56 of 2nd period - Snap shot by Andreas Johansson.
12:56 of 2nd period - Shot Misses the Net.
12:58 of 2nd period - Snap shot by Ian Cole.
12:58 of 2nd period - Goal by Ian Cole - Demolitions : 0 - Saguenéens : 3.
12:59 of 2nd period - Ryan Craig wins face-off versus Tyler Kennedy in neutral zone.
13:02 of 2nd period - Snap shot by Anton Babchuk.
13:02 of 2nd period - Shot Misses the Net.
13:10 of 2nd period - Anton Babchuk is hit by Tyler Kennedy.
13:31 of 2nd period - Wrist shot by David Laliberté.
13:31 of 2nd period - Shot Blocked by Anton Babchuk.
13:49 of 2nd period - Snap shot by Brandon Bochenski.
13:49 of 2nd period - Stopped by James Reimer without a rebound.
13:50 of 2nd period - T.J. Hensick wins face-off versus Tyler Kennedy in Saguenéens zone.
13:51 of 2nd period - Snap shot by Marcel Hossa.
13:51 of 2nd period - Shot Blocked by Ian Cole.
14:43 of 2nd period - Snap shot by Jarkko Ruutu.
14:43 of 2nd period - Shot Misses the Net.
14:45 of 2nd period - Snap shot by Rhett Rakhshani.
14:45 of 2nd period - Stopped by Chad Johnson without a rebound.
14:46 of 2nd period - Petteri Wirtanen wins face-off versus T.J. Hensick in Demolitions zone.
15:37 of 2nd period - Snap shot by Ryan Craig.
15:37 of 2nd period - Goal by Ryan Craig - Demolitions : 1 - Saguenéens : 3.
15:38 of 2nd period - T.J. Hensick wins face-off versus Tyler Kennedy in neutral zone.
16:03 of 2nd period - Mike Van Ryn is hit by Troy Brouwer and loses puck.
16:08 of 2nd period - Snap shot by Ryan Craig.
16:08 of 2nd period - Stopped by James Reimer with a rebound.
17:10 of 2nd period - Snap shot by Marcel Hossa.
17:10 of 2nd period - Deflect By T.J. Hensick.
17:10 of 2nd period - Stopped by James Reimer with a rebound.
17:12 of 2nd period - Snap shot by T.J. Hensick.
17:12 of 2nd period - Stopped by James Reimer without a rebound.
17:13 of 2nd period - T.J. Hensick wins face-off versus Petteri Wirtanen in Saguenéens zone.
17:26 of 2nd period - Slapshot by T.J. Hensick.
17:26 of 2nd period - Goal by T.J. Hensick - Demolitions : 2 - Saguenéens : 3.
17:27 of 2nd period - Evgeny Dadonov wins face-off versus T.J. Hensick in neutral zone.
17:38 of 2nd period - Snap shot by T.J. Hensick.
17:38 of 2nd period - Shot Blocked by Evgeny Dadonov.
17:40 of 2nd period - Slapshot by Matt Corrente.
17:40 of 2nd period - Shot Misses the Net.
17:52 of 2nd period - Troy Brouwer is hit by Brandon Yip and loses puck.
18:26 of 2nd period - Snap shot by Andreas Johansson.
18:26 of 2nd period - Shot Misses the Net.
18:45 of 2nd period - Snap shot by Marcel Hossa.
18:45 of 2nd period - Shot Misses the Net.
18:47 of 2nd period - Slapshot by Anton Babchuk.
18:47 of 2nd period - Shot Misses the Net.
18:49 of 2nd period - Wrist shot by Marcel Hossa.
18:49 of 2nd period - Stopped by James Reimer with a rebound.
19:01 of 2nd period - Petr Vrana is hit by Jarkko Ruutu.
19:19 of 2nd period - Snap shot by Nicolas Blanchard.
19:19 of 2nd period - Shot Misses the Net.
19:37 of 2nd period - Ryan Craig is hit by David Laliberté and loses puck.
Goals for this period are 2 for Demolitions vs 1 for Saguenéens.
Shots for this period are 11 for Demolitions vs 4 for Saguenéens.
3rd period
0:01 of 3rd period - Marcel Hossa wins face-off versus Tyler Kennedy in neutral zone.
0:07 of 3rd period - Icing by Anton Babchuk.
0:08 of 3rd period - T.J. Hensick wins face-off versus Tyler Kennedy in Demolitions zone.
0:15 of 3rd period - Tyler Kennedy beats up Marcel Hossa.
0:15 of 3rd period - Penalty to Tyler Kennedy for Fighting.
0:15 of 3rd period - Penalty to Marcel Hossa for Fighting.
0:16 of 3rd period - T.J. Hensick wins face-off versus Evgeny Dadonov in Saguenéens zone.
0:41 of 3rd period - Mike Van Ryn is hit by Ryan Craig and loses puck.
1:33 of 3rd period - Backhand shot by T.J. Hensick.
1:33 of 3rd period - Shot Misses the Net.
1:43 of 3rd period - Matt Corrente is hit by Wayne Simmonds and loses puck.
2:23 of 3rd period - Wrist shot by T.J. Hensick.
2:23 of 3rd period - Shot Misses the Net.
3:04 of 3rd period - Snap shot by Ryan Craig.
3:04 of 3rd period - Goal by Ryan Craig - Demolitions : 3 - Saguenéens : 3.
3:05 of 3rd period - Kyle Brodziak wins face-off versus T.J. Hensick in neutral zone.
3:19 of 3rd period - Snap shot by Brandon Yip.
3:19 of 3rd period - Stopped by Chad Johnson with a rebound.
3:21 of 3rd period - Backhand shot by Mike Van Ryn.
3:21 of 3rd period - Stopped by Chad Johnson with a rebound.
3:40 of 3rd period - Justin Schultz is hit by Matt Corrente and loses puck.
3:59 of 3rd period - Wrist shot by Evgeny Dadonov.
3:59 of 3rd period - Stopped by Chad Johnson with a rebound.
4:01 of 3rd period - Snap shot by Andreas Johansson.
4:01 of 3rd period - Shot Misses the Net.
4:18 of 3rd period - Minor Penalty to Dwight King for Holding.
4:19 of 3rd period - Kyle Brodziak wins face-off versus T.J. Hensick in Saguenéens zone.
4:29 of 3rd period - Wrist shot by Andreas Johansson.
4:29 of 3rd period - Stopped by Chad Johnson without a rebound.
4:30 of 3rd period - T.J. Hensick wins face-off versus Andreas Johansson in Demolitions zone.
5:01 of 3rd period - Wrist shot by Brandon Bochenski.
5:01 of 3rd period - Deflect By Kris Russell.
5:01 of 3rd period - Shot Blocked by Kris Russell.
5:01 of 3rd period - Puck is out of play.
5:02 of 3rd period - Andreas Johansson wins face-off versus T.J. Hensick in Saguenéens zone.
5:15 of 3rd period - Penalty to Tyler Kennedy is over, Tyler Kennedy is back on ice.
5:18 of 3rd period - Icing by Matt Corrente.
5:19 of 3rd period - T.J. Hensick wins face-off versus Kyle Brodziak in Demolitions zone.
5:26 of 3rd period - Snap shot by T.J. Hensick.
5:26 of 3rd period - Stopped by James Reimer without a rebound.
5:27 of 3rd period - T.J. Hensick wins face-off versus Kyle Brodziak in Saguenéens zone.
5:52 of 3rd period - Kyle Brodziak is hit by Matt Corrente and loses puck.
6:18 of 3rd period - Penalty to Dwight King is over, Dwight King is back on ice.
6:53 of 3rd period - Icing by Ian Cole.
6:54 of 3rd period - T.J. Hensick wins face-off versus Brian Flynn in Saguenéens zone.
6:55 of 3rd period - Snap shot by Marcel Hossa.
6:55 of 3rd period - Goal by Marcel Hossa - Demolitions : 4 - Saguenéens : 3.
6:56 of 3rd period - Marcel Hossa wins face-off versus Tyler Kennedy in neutral zone.
7:46 of 3rd period - Bobby Butler is hit by Andreas Johansson and loses puck.
8:15 of 3rd period - Slapshot by Jarkko Ruutu.
8:15 of 3rd period - Stopped by Chad Johnson without a rebound.
8:16 of 3rd period - T.J. Hensick wins face-off versus Tyler Kennedy in Demolitions zone.
9:30 of 3rd period - Minor Penalty to Rhett Rakhshani for Tripping.
9:31 of 3rd period - T.J. Hensick wins face-off versus Andreas Johansson in Saguenéens zone.
10:03 of 3rd period - Slapshot by Matt Corrente.
10:03 of 3rd period - Stopped by James Reimer without a rebound.
10:04 of 3rd period - Andreas Johansson wins face-off versus Ryan Craig in Saguenéens zone.
10:29 of 3rd period - Jarkko Ruutu is hit by Anthony Stewart.
10:55 of 3rd period - Kyle Brodziak is hit by Troy Brouwer and loses puck.
11:30 of 3rd period - Penalty to Rhett Rakhshani is over, Rhett Rakhshani is back on ice.
11:38 of 3rd period - Snap shot by Marc-André Bernier.
11:38 of 3rd period - Shot Misses the Net.
11:40 of 3rd period - Snap shot by Bobby Butler.
11:40 of 3rd period - Goal by Bobby Butler - Demolitions : 5 - Saguenéens : 3.
11:41 of 3rd period - T.J. Hensick wins face-off versus Tyler Kennedy in neutral zone.
11:44 of 3rd period - Snap shot by Anton Babchuk.
11:44 of 3rd period - Shot Misses the Net.
12:08 of 3rd period - Justin Schultz is hit by Brandon Bochenski and loses puck.
12:15 of 3rd period - Slapshot by Henrik Tallinder.
12:15 of 3rd period - Stopped by Chad Johnson with a rebound.
12:21 of 3rd period - Henrik Tallinder is hit by Troy Brouwer and loses puck.
12:32 of 3rd period - Wrist shot by David Laliberté.
12:32 of 3rd period - Shot Misses the Net.
12:34 of 3rd period - Slapshot by Jeffrey Foss.
12:34 of 3rd period - Stopped by Chad Johnson with a rebound.
12:36 of 3rd period - Slapshot by Kris Russell.
12:36 of 3rd period - Stopped by Chad Johnson with a rebound.
12:38 of 3rd period - Slapshot by Kris Russell.
12:38 of 3rd period - Shot Misses the Net.
12:40 of 3rd period - Snap shot by Andreas Johansson.
12:40 of 3rd period - Deflect By David Laliberté.
12:40 of 3rd period - Stopped by Chad Johnson with a rebound.
12:42 of 3rd period - Slapshot by Kris Russell.
12:42 of 3rd period - Deflect By Nicolas Blanchard.
12:42 of 3rd period - Stopped by Chad Johnson with a rebound.
13:00 of 3rd period - Slapshot by Kyle Wharton.
13:00 of 3rd period - Stopped by James Reimer without a rebound.
13:01 of 3rd period - T.J. Hensick wins face-off versus Wayne Simmonds in Saguenéens zone.
13:04 of 3rd period - Backhand shot by T.J. Hensick.
13:04 of 3rd period - Shot Blocked by Mike Van Ryn.
13:14 of 3rd period - Slapshot by Tyler Kennedy.
13:14 of 3rd period - Stopped by Chad Johnson with a rebound.
13:26 of 3rd period - Wrist shot by Brandon Bochenski.
13:26 of 3rd period - Shot Misses the Net.
13:28 of 3rd period - Wrist shot by Ryan Craig.
13:28 of 3rd period - Shot Misses the Net.
13:50 of 3rd period - Backhand shot by Justin Schultz.
13:50 of 3rd period - Stopped by Chad Johnson with a rebound.
13:52 of 3rd period - Slapshot by Justin Schultz.
13:52 of 3rd period - Shot Blocked by Marc-André Bernier.
13:54 of 3rd period - Snap shot by Brian Flynn.
13:54 of 3rd period - Stopped by Chad Johnson without a rebound.
13:55 of 3rd period - T.J. Hensick wins face-off versus Tyler Kennedy in Demolitions zone.
13:57 of 3rd period - Minor Penalty to Marcel Hossa for Holding.
13:58 of 3rd period - Tyler Kennedy wins face-off versus T.J. Hensick in Demolitions zone.
15:33 of 3rd period - Andreas Johansson is hit by Petr Vrana.
15:57 of 3rd period - Penalty to Marcel Hossa is over, Marcel Hossa is back on ice.
16:07 of 3rd period - Slapshot by Henrik Tallinder.
16:07 of 3rd period - Stopped by Chad Johnson with a rebound.
16:12 of 3rd period - Off-side.
16:13 of 3rd period - Kyle Brodziak wins face-off versus Ryan Craig in neutral zone.
16:29 of 3rd period - Icing by Marcel Hossa.
16:30 of 3rd period - T.J. Hensick wins face-off versus Petteri Wirtanen in Demolitions zone.
16:35 of 3rd period - Kris Russell is hit by Anthony Stewart and loses puck.
16:40 of 3rd period - Slapshot by T.J. Hensick.
16:40 of 3rd period - Goal by T.J. Hensick - Demolitions : 6 - Saguenéens : 3.
16:41 of 3rd period - Tyler Kennedy wins face-off versus T.J. Hensick in neutral zone.
16:48 of 3rd period - Wrist shot by Tyler Kennedy.
16:48 of 3rd period - Stopped by Chad Johnson with a rebound.
16:54 of 3rd period - Snap shot by T.J. Hensick.
16:54 of 3rd period - Stopped by James Reimer with a rebound.
17:06 of 3rd period - Brandon Yip is hit by Matt Corrente and loses puck.
17:13 of 3rd period - Slapshot by Ryan Craig.
17:13 of 3rd period - Stopped by James Reimer with a rebound.
17:15 of 3rd period - Slapshot by Ryan Craig.
17:15 of 3rd period - Shot Misses the Net.
17:17 of 3rd period - Slapshot by Kyle Wharton.
17:17 of 3rd period - Stopped by James Reimer with a rebound.
17:19 of 3rd period - Snap shot by Troy Brouwer.
17:19 of 3rd period - Shot Misses the Net.
17:33 of 3rd period - Wrist shot by Cal Clutterbuck.
17:33 of 3rd period - Stopped by James Reimer without a rebound.
17:34 of 3rd period - Tyler Kennedy wins face-off versus Vince Rocco in Saguenéens zone.
17:41 of 3rd period - Slapshot by Wayne Simmonds.
17:41 of 3rd period - Deflect By Tyler Kennedy.
17:41 of 3rd period - Shot Blocked by Cal Clutterbuck.
17:41 of 3rd period - Puck is out of play.
17:42 of 3rd period - Tyler Kennedy wins face-off versus T.J. Hensick in Demolitions zone.
17:54 of 3rd period - Minor Penalty to Tyler Kennedy for Cross-checking.
17:55 of 3rd period - Kyle Brodziak wins face-off versus T.J. Hensick in Saguenéens zone.
19:54 of 3rd period - Penalty to Tyler Kennedy is over, Tyler Kennedy is back on ice.
Goals for this period are 4 for Demolitions vs 0 for Saguenéens.
Shots for this period are 11 for Demolitions vs 15 for Saguenéens.
Output by the SimonT Hockey Simulator (STHS) for François Prévost -- Original Page W3C XHTML 1.0 Valid